 Dungeon Crawl Stone Soup version 0.21.1-1-g345015f (webtiles) character file.

3049 kae the Martial Artist (level 9, -1/75 HPs)
             Began as a Demonspawn Monk on Apr 30, 2018.
             Was an Elder of Wu Jian.
             Slain by a killer bee (5 damage)
             ... on level 8 of the Dungeon.
             The game lasted 00:08:41 (8538 turns).

kae the Martial Artist (Demonspawn Monk)            Turns: 8538, Time: 00:08:42

Health: -1/75      AC:  3    Str: 14    XL:     9   Next: 57%
Magic:  0/9        EV: 18    Int: 12    God:    Wu Jian [****..]
Gold:   367        SH:  0    Dex: 19    Spells: 8/8 levels left

rFire    . . .     SeeInvis .     - Unarmed
rCold    . . .     Gourm    .   (no shield)
rNeg     . . .     Faith    .   a - +0 robe
rPois    .         Spirit   +   s - +1 hat
rElec    .         Reflect  .   (no cloak)
rCorr    .         Harm     .   (no gloves)
MR       .....                  (no boots)
Stlth    ++........             (no amulet)
HPRegen  0.22/turn              d - +3 ring of strength
MPRegen  0.11/turn              n - +5 ring of evasion

@: lethally poisoned (-1 -> -2)
A: claws 1, hooves 2, horns 2, demonic guardian 1, magic shield
a: Wall Jump, Serpent's Lash, Renounce Religion


You were on level 8 of the Dungeon.
You worshipped Wu Jian.
Wu Jian was greatly pleased with you.
You were not hungry.

You visited 1 branch of the dungeon, and saw 9 of its levels.

You collected 395 gold pieces.
You spent 28 gold pieces at shops.

Inventory:

Armour
 a - a +0 robe (worn)
 r - a +0 pair of gloves
 s - a +1 hat (worn)
Jewellery
 d - a +3 ring of strength (left claw)
 i - an uncursed ring of positive energy
 l - a +1 ring of protection
 n - a +5 ring of evasion (right claw)
Scrolls
 k - 3 scrolls of teleportation
 p - a scroll of fog
 q - a scroll of identify
 t - 2 scrolls of enchant armour {unknown}
 u - a scroll of enchant weapon
 w - a scroll of fear {unknown}
 y - a scroll of magic mapping {unknown}
Potions
 c - a potion of haste
 e - 4 potions of cancellation
 f - 3 potions of lignification
 h - a potion of magic {unknown}
 m - 2 potions of ambrosia {unknown}
 o - a potion of mutation {unknown}
 x - a potion of berserk rage {unknown}
 z - a potion of flight {unknown}
Books
 g - a book of Necromancy

   Spells                             Type                      Level
   a - Pain                           Necromancy                   1
   b - Animate Skeleton               Necromancy                   1
   c - Vampiric Draining              Necromancy                   3
   d - Regeneration                   Charms/Necromancy            3
   e - Animate Dead                   Necromancy                   4
   f - Borgnjor's Vile Clutch         Necromancy/Earth             5
 v - a book of Callings

   Spells                             Type                      Level
   a - Summon Small Mammal            Summoning                    1
   b - Call Imp                       Summoning                    2
   c - Call Canine Familiar           Summoning                    3
   d - Summon Guardian Golem          Hexes/Summoning              3
   e - Summon Lightning Spire         Summoning/Air                4
   f - Summon Ice Beast               Ice/Summoning                4
Comestibles
 b - 12 rations
 A - 3 chunks of flesh


   Skills:
 + Level 8.3 Fighting
 - Level 2.6 Dodging
 - Level 1.7 Stealth
 * Level 10.4 Unarmed Combat


You had 8 spell levels left.
You didn't know any spells.

Dungeon Overview and Level Annotations

Branches:
Dungeon (9/15)             Temple (0/1) D:6
   Lair: D:8-11         Orc: D:9-12

Altars:
Ashenzari
Dithmenos
Fedhas
Gozag
Makhleb
Trog
Wu Jian
Zin
The Shining One

Shops:
D:4 =

Annotations:
D:3 exclusion: oklob plant
D:6 Tiareth's ghost, novice DECj


Innate Abilities, Weirdness & Mutations

You have sharp fingernails.
You have hoof-like feet.
You have a pair of horns on your head.
A weak demonic guardian rushes to your aid.
When hurt, damage is shared between your health and your magic reserves.


Message History

The killer bee is severely wounded.
The killer bee completely misses you.
You completely miss the killer bee. Your headbutt misses the killer bee.
The killer bee is severely wounded.
The killer bee barely misses you. The killer bee stings you.
* * * LOW HITPOINT WARNING * * *
You swap places.
The killer bee stings your ufetubus but does no damage.
Your ufetubus misses the killer bee. x2; The killer bee stings your ufetubus.
Your ufetubus is poisoned.
The killer bee poisons your ufetubus!
Your ufetubus disappears in a puff of smoke!
The killer bee stings you.
* * * LOW HITPOINT WARNING * * *
You are poisoned.
The killer bee poisons you!
You barely miss the killer bee.
The killer bee is severely wounded.
You feel sick. The killer bee stings you.
You die...

#.# #..##.#.#.##
#.# ...##..###.#
#.# # ##.##.#.#)##
#. #.##.##.## #.
#.##.##.# ###.###
#.##.##.# ..#....(#
#.##.##.#
........###.##.##.#
.........†§.y@.##.#
..#..$..#########.#
#...#.. ..#
.?.....?##
#.####### .


You could see a killer bee.

Vanquished Creatures
  The ghost of trianova the Slicer, a novice HaFi of Okawaru (D:5)
  Sigmund (D:5)
  Menkaure (D:5)
  An ice beast (D:5)
  2 phantoms
  A hornet zombie (D:8)
  6 ogres
  2 bullfrogs (D:6)
  A scorpion (D:4)
  4 killer bees (D:8)
  2 vampire bats (D:6)
  3 crimson imps
  A centaur zombie (D:9)
  A howler monkey (D:5)
  A quasit (D:5)
  A bullfrog skeleton (D:9)
  An orc priest (D:5)
  3 hounds
  A centaur skeleton (D:5)
  2 iguanas
  12 orc wizards
  4 worker ants
  2 hound skeletons
  A howler monkey zombie (D:5)
  7 river rats (D:5)
  13 adders
  4 oozes
  An adder zombie (D:7)
  2 worms
  2 dart slugs
  3 leopard geckos
  15 orcs
  10 bats
  3 giant cockroaches
  10 goblins
  7 hobgoblins
  9 kobolds
  6 quokkas
  A ball python (D:1)
  5 frilled lizards
  A quokka zombie (D:5)
  18 rats
172 creatures vanquished.

Vanquished Creatures (collateral kills)
  An ogre (D:5)
  An orc wizard (D:7)
2 creatures vanquished.

Vanquished Creatures (others)
  5 toadstools (D:3)
5 creatures vanquished.

Grand Total: 179 creatures vanquished

Notes
Turn   | Place    | Note
-------+----------+-------------------------------------------
     0 | D:1      | kae the Demonspawn Monk began the quest for the Orb.
     0 | D:1      | Reached XP level 1. HP: 18/18 MP: 1/1
    87 | D:1      | Reached skill level 3 in Unarmed Combat
   104 | D:1      | Gained mutation: You have large cloven feet. [demonic ancestry]
   104 | D:1      | Reached XP level 2. HP: 13/24 MP: 2/2
   702 | D:1      | Reached XP level 3. HP: 28/29 MP: 3/3
  1507 | D:2      | Found a shattered altar of Ashenzari.
  1508 | D:2      | Found an ornate altar of the Wu Jian Council.
  1735 | D:2      | Became a worshipper of the Wu Jian Council
  1735 | D:2      | Reached * piety under Wu Jian
  1735 | D:2      | Reached ** piety under Wu Jian
  1770 | D:3      | Reached skill level 4 in Unarmed Combat
  1770 | D:3      | Gained mutation: When hurt, damage is shared between your health and your magic reserves. [demonic ancestry]
  1770 | D:3      | Reached XP level 4. HP: 30/37 MP: 4/4
  2507 | D:3      | Found an opulent altar of Gozag.
  3040 | D:3      | Found a blossoming altar of Fedhas.
  3058 | D:3      | Noticed an oklob plant
  3293 | D:4      | Noticed a phantom
  3357 | D:4      | Killed a phantom
  3357 | D:4      | Reached skill level 5 in Unarmed Combat
  3357 | D:4      | Gained mutation: You have a pair of small horns on your head. [demonic ancestry]
  3357 | D:4      | Reached XP level 5. HP: 18/43 MP: 5/5
  3532 | D:4      | Noticed an ogre
  3582 | D:4      | Gained mutation: You have sharp fingernails. [demonic ancestry]
  3582 | D:4      | Reached XP level 6. HP: 49/49 MP: 6/6
  3841 | D:4      | Found a burning altar of Makhleb.
  3843 | D:4      | Reached skill level 5 in Fighting
  3875 | D:4      | Found Verchoadu's Jewellery Boutique.
  3883 | D:4      | Bought a cursed amulet of inaccuracy for 28 gold pieces
  4001 | D:4      | Reached skill level 6 in Unarmed Combat
  4251 | D:5      | Entered Level 5 of the Dungeon
  4284 | D:5      | Noticed Menkaure
  4521 | D:5      | Gained mutation: You have hoof-like feet. [demonic ancestry]
  4521 | D:5      | Reached XP level 7. HP: 56/56 MP: 7/7
  4584 | D:5      | Found a glowing golden altar of the Shining One.
  4625 | D:5      | Noticed Sigmund
  4631 | D:5      | Killed Sigmund
  4678 | D:5      | Noticed trianova's ghost (novice HaFi)
  4689 | D:5      | Killed trianova's ghost
  4689 | D:5      | Reached skill level 7 in Unarmed Combat
  4712 | D:5      | Gained mutation: A weak demonic guardian rushes to your aid. [demonic ancestry]
  4712 | D:5      | Reached XP level 8. HP: 27/64 MP: 3/8
  5019 | D:5      | Reached *** piety under Wu Jian
  5321 | D:5      | Reached skill level 8 in Unarmed Combat
  5598 | D:5      | Found a glowing silver altar of Zin.
  5858 | D:5      | Killed Menkaure
  6090 | D:5      | Found a bloodstained altar of Trog.
  6462 | D:5      | Reached skill level 9 in Unarmed Combat
  6580 | D:6      | Found a shadowy altar of Dithmenos.
  6685 | D:6      | Noticed Tiareth's ghost (novice DECj)
  6977 | D:6      | Found a staircase to the Ecumenical Temple.
  7082 | D:6      | Gained mutation: You have a pair of horns on your head. [demonic ancestry]
  7082 | D:6      | Reached XP level 9. HP: 72/72 MP: 9/9
  7164 | D:6      | Found the +4 Vampire's Tooth {vamp}
  7694 | D:7      | Reached **** piety under Wu Jian
  8057 | D:7      | You fall through a shaft for 2 floors!
  8149 | D:9      | Reached skill level 10 in Unarmed Combat
  8538 | D:8      | Slain by a killer bee

Skill      XL: |  1  2  3  4  5  6  7  8  9 |
---------------+----------------------------+-----
Unarmed Combat | 3 4 5 6 7 9 10 | 10.4
Fighting       | 4 5 6 7 8 |  8.3
Dodging        | |  2.6
Stealth        | |  1.7

Action                   |  1- 3 |  4- 6 |  7- 9 || total
-------------------------+-------+-------+-------++-------
Melee: Unarmed           |   101 |   160 |   290 ||   551
       Punch             |     2 |     5 |    11 ||    18
       Kick              |    21 |    44 |    66 ||   131
       Headbutt          |       |     7 |    58 ||    65
Invok: Whirlwind         |       |    19 |    22 ||    41
       Lunge             |       |    21 |    18 ||    39
       Wall Jump         |       |    10 |    18 ||    28
  Use: Scroll            |     4 |     3 |     5 ||    12
       Potion            |     1 |       |     3 ||     4
 Stab: Sleeping          |     5 |     3 |     8 ||    16
  Eat: Chunk             |     1 |    10 |    13 ||    24
Armor: Robe              |    15 |    13 |    27 ||    55
Dodge: Dodged            |    60 |    83 |   144 ||   287
